 Dungeon Crawl Stone Soup version 0.31-a0-851-g7ff8af7976 (webtiles) character file.

Game seed: 12361946324951524556

101 CrazyBamboolord the Gusty (level 4, 0/37 HPs)
             Began as an Ogre Air Elementalist on Oct 7, 2023.
             Slain by an orc
             ... wielding a +0 club
              (2 damage)
             ... on level 3 of the Dungeon.
             The game lasted 00:06:05 (2609 turns).

CrazyBamboolord the Gusty (Ogre Air Elementalist)   Turns: 2609, Time: 00:06:06

Health: 0/37       AC:  6    Str: 12    XL:     4   Next: 75%
Magic:  0/8        EV: 10    Int: 18    God:
Gold:   94         SH:  0    Dex:  9    Spells: 3/9 levels left

rFire   + . .        m - +0 whip
rCold   + . .        (no shield)
rNeg    . . .        a - +0 robe
rPois   +            (helmet restricted)
rElec   .            g - +2 cloak
rCorr   .            (gloves unavailable)
SInv    .            (boots unavailable)
Will    .....        (no amulet)
Stlth   +            r - ring of poison resistance
HPRegen 0.26/turn    t - ring of protection from fire
MPRegen 0.11/turn

%: no passive effects
@: confused, mighty
A: large, unfitting armour, tough skin 1, cold resistance 1, frail 1, inability
to read after injury 1, MP-powered wands
a: no special abilities


You were on level 3 of the Dungeon.
You visited 1 branch of the dungeon, and saw 3 of its levels.

You collected 94 gold pieces.

Inventory:

Hand Weapons
 m - a +0 whip (weapon)
Armour
 a - a +0 robe (worn)
 g - a +2 cloak (worn)
Jewellery
 l - a +6 ring of dexterity
 r - a ring of poison resistance (left hand)
 t - a ring of protection from fire (right hand)
 u - a ring of positive energy
Wands
 n - a wand of charming (18)
Scrolls
 c - 2 scrolls of fog
 f - 2 scrolls of torment
 j - a scroll of teleportation {unknown}
 k - a scroll of amnesia {unknown}
 o - a scroll of acquirement {unknown}
 q - a scroll of immolation {unknown}
 s - a scroll of silence {unknown}
Potions
 b - a potion of berserk rage {unknown}
 d - a potion of attraction
 e - a potion of enlightenment
 h - a potion of haste {unknown}
 i - a potion of might
 p - a potion of mutation
 v - a potion of degeneration {unknown}


   Skills:
 * Level 2.2 Fighting
 * Level 2.5 Dodging
 - Level 1.4 Stealth
 * Level 3.1 Spellcasting
 * Level 1.9 Conjurations
 * Level 3.2 Air Magic


You had 3 spell levels left.
You knew the following spells:

 Your Spells              Type           Power      Damage    Failure   Level
a - Shock                 Conj/Air       48%        1d6       5%          1
b - Static Discharge      Conj/Air       24%        2-3/arc   9%          2
c - Swiftness             Air            14%        N/A       13%         3

Your spell library contained the following spells:

 Spells                   Type           Power      Damage    Failure   Level
 Tukima's Dance           Hex            2%         N/A       43%         3
 Airstrike                Air            7%         2d(1-17)  38%         4
 Iskenderun's Mystic Bla  Conj/Tloc      6%         2d4       71%         4
 Dimensional Bullseye     Hex/Tloc       1%         N/A       85%         4


Dungeon Overview and Level Annotations

Branches:
Dungeon (3/15)

Altars:

Annotations:
D:3 3 runed translucent doors, Jano's ghost, amateur DsFi


Innate Abilities, Weirdness & Mutations

You are too large for most types of armour.
You have tough skin. (AC +1)
Your flesh is cold resistant. (rC+)
You are frail. (-10% HP)
You occasionally lose the ability to read scrolls when taking damage.
You expend magic power (3 MP) to strengthen your wands.


Message History

The orc hits you with a +0 club.
* * * LOW HITPOINT WARNING * * *
You hit something. Something hits you but does no damage.
The orc hits you but does no damage. Something hits you.
* * * LOW HITPOINT WARNING * * *
You miss something.
An orc wizard appears from thin air!
Reactivating autopickup.
The orc hits you but does no damage.
The orc wizard hits you with a +0 dagger.
* * * LOW HITPOINT WARNING * * *
Okay, then.
You closely miss the orc wizard.
The orc wizard is severely wounded.
The orc hits you with a +0 club.
* * * LOW HITPOINT WARNING * * *
The orc wizard hits you with a +0 dagger.
* * * LOW HITPOINT WARNING * * *
Unknown command.
It was a potion of might.
You feel very mighty all of a sudden. The orc hits you but does no damage.
The orc wizard hits you but does no damage.
Aiming: Shock (safe; 5% risk of failure)
Press: ? - help, Q - select action, (/) - cycle Shift-Dir - straight line
Okay, then.
Aiming: Shock (safe; 5% risk of failure)
Press: ? - help, Q - select action, (/) - cycle Shift-Dir - straight line The zap hits the orc wizard.
The orc wizard is almost dead.
The orc hits you with a +0 club.
* * * LOW HITPOINT WARNING * * *
The orc wizard casts a spell at you.
You are confused.
Unknown command.
It was a potion of mutation.
You feel extremely strange.
You occasionally lose the ability to read scrolls when taking damage.
You feel resistant to cold.
You feel frail.
You feel your magical essence link to the dungeon's wands.
The orc hits you with a +0 club.
You die...

# .+ . †# ###.#
#@o.# #o### #)..#
#.### #.# #.#####
####### #.....#
#.....# #.....#
#.....####
#.#######[.......#


You could see an orc wizard and an orc.

Vanquished Creatures
  Ijyb (D:2)
  3 adders
  2 worms (D:2)
  3 orcs (D:3)
  2 ball pythons
  A bat (D:1)
  7 endoplasms
  3 giant cockroaches
  A goblin (D:3)
  3 hobgoblins
  3 jackals (D:3)
  A quokka (D:1)
  A frilled lizard (D:1)
  5 kobolds
  4 rats
40 creatures vanquished.

Notes
Turn   | Place    | Note
-------+----------+-------------------------------------------
     0 | D:1      | CrazyBamboolord the Ogre Air Elementalist began the quest
                  | for the Orb.
     0 | D:1      | Reached XP level 1. HP: 16/16 MP: 3/3
   165 | D:1      | Reached skill level 1 in Conjurations
   425 | D:1      | Reached XP level 2. HP: 26/26 MP: 2/5
   598 | D:2      | Reached skill level 1 in Fighting
   663 | D:2      | Learned a level 2 spell: Static Discharge
   813 | D:2      | Reached XP level 3. HP: 24/33 MP: 0/7
  1363 | D:1      | You fall into a shaft and drop 1 floor!
  2057 | D:3      | Noticed Jano's ghost (amateur DsFi)
  2057 | D:3      | Noticed a kobold brigand
  2057 | D:3      | Noticed Ijyb
  2057 | D:3      | Found a runed translucent gate.
  2057 | D:3      | Found a runed translucent gate.
  2057 | D:3      | Found a runed translucent gate.
  2110 | D:2      | Killed Ijyb
  2111 | D:2      | Reached XP level 4. HP: 18/42 MP: 3/8
  2414 | D:3      | Learned a level 3 spell: Swiftness
  2608 | D:3      | HP: 2/42 [orc/+0 club (2)]
  2609 | D:3      | Gained mutation: You occasionally lose the ability to read
                  | scrolls when taking damage. [potion of mutation]
  2609 | D:3      | Gained mutation: Your flesh is cold resistant. (rC+)
                  | [potion of mutation]
  2609 | D:3      | Gained mutation: You are frail. (-10% HP) [potion of
                  | mutation]
  2609 | D:3      | Gained mutation: You expend magic power (3 MP) to
                  | strengthen your wands. [potion of mutation]
  2609 | D:3      | Slain by an orc

Illustrated notes

Levels and vault maps discovered:
D:1:      evilmike_arrival_fibonacci_small, layout_basic
D:2:      layout_basic, kennysheep_another_room, chequers_serial_rivers_marsh
D:3:      layout_basic, gammafunk_ghost_nasty_kobolds, uniq_ijyb

Skill      XL: |  1  2  3  4 |
---------------+-------------+-----
Conjurations   | 1 |  1.9
Dodging        | 2 |  2.5
Fighting       | 1 2 |  2.2
Air Magic      | 3 |  3.2
Spellcasting   | 3 |  3.1
Stealth        | |  1.4

Action                     |  1- 3 |  4- 6 || total
---------------------------+-------+-------++-------
  Melee: Unarmed           |    23 |       ||    23
         Whip              |    29 |    23 ||    52
         Punch             |     1 |       ||     1
   Cast: Shock             |    59 |    38 ||    97
         Static Discharge  |     1 |       ||     1
    Use: Scroll            |     6 |       ||     6
         Potion            |     1 |     2 ||     3
 Armour: Robe              |    39 |    54 ||    93
  Dodge: Dodged            |    31 |    32 ||    63

Table legend: (Time is in decaauts)
 A = Elapsed time spent in this place.
 B = Non-inter-level travel time spent in this place.
 C = Inter-level travel time spent in this place.
 D = Time resting spent in this place.
 E = Time spent auto-exploring this place.
 F = Levels seen in this place.
 G = Mean time per level.
                   A        B        C        D        E       F      G
               +--------+--------+--------+--------+--------+-----+--------+
         Total |   2614 |   2436 |    178 |    302 |   1738 |   3 |  871.3 |
       Dungeon |   2614 |   2436 |    178 |    302 |   1738 |   3 |  871.3 |
               +--------+--------+--------+--------+--------+-----+--------+

Top non-repeatable levels by time:
     D:2: 1348 daAuts
     D:1: 921 daAuts
     D:3: 345 daAuts
